 Dungeon Crawl Stone Soup version 0.17-a0-1596-g1e86911 (webtiles) character file.

2899 carl the Grappler (level 9, -9/80 HPs)
             Began as a Troll Monk on July 31, 2015.
             Was a Believer of Ru.
             Mangled by urechis's ghost (17 damage)
             ... on level 8 of the Dungeon.
             The game lasted 00:15:03 (6728 turns).

carl the Grappler (Troll Monk)                      Turns: 6728, Time: 00:15:04

Health: -9/80      AC:  6    Str: 21    XL:     9   Next: 49%
Magic:  8/8        EV: 13    Int:  9    God:    Ru [**....]
Gold:   178        SH:  0    Dex: 15    Spells: 0 memorised, 8 levels left

rFire  . . .     SeeInvis .       - Unarmed
rCold  . . .     Clarity  .     a - +0 robe
rNeg   . . .     SustAt   +     (no shield)
rPois  +         Gourm    +     (helmet restricted)
rElec  .         Spirit   .     v - +0 cloak {rPois}
rCorr  +         Warding  .     (gloves unavailable)
rMut   .         Stasis   .     (boots unavailable)
MR     .....                    x - amulet of resist corrosion
Stlth  ..........               B - +3 ring of dexterity
                                n - ring of sustain attributes

@: slowed, drained, very slow, not resistant to hostile enchantments, extremely
unstealthy
A: unfitting armour, claws 3, fast metabolism 3, gourmand, regeneration 2,
shaggy fur 1, tough skin 2, no device heal 1, no stealth, no fire magic, no
necromancy magic, no summoning magic
a: Renounce Religion


You were on level 8 of the Dungeon.
You worshipped Ru.
Ru was pleased with you.
You were very full.

You visited 1 branch of the dungeon, and saw 8 of its levels.

You collected 387 gold pieces.
You spent 209 gold pieces at shops.

Inventory:

Armour
 a - a +0 robe (worn)
 v - a +0 cloak of poison resistance (worn)
Jewellery
 n - a ring of sustain attributes (left claw)
 t - an uncursed ring of fire
 x - an amulet of resist corrosion (around neck)
 A - an uncursed ring of ice
 B - a +3 ring of dexterity (right claw)
Magical devices
 s - a wand of slowing (20)
 u - a wand of frost (18)
 I - a wand of enslavement (10)
 J - a wand of paralysis (9)
Scrolls
 d - 2 scrolls of remove curse
 e - 7 scrolls of identify {unknown}
 h - 2 scrolls of fog {unknown}
 i - 4 scrolls of random uselessness {unknown}
 r - a scroll of magic mapping {unknown}
 w - a scroll of noise {unknown}
 y - a scroll of amnesia {unknown}
 C - a scroll of teleportation {unknown}
 E - a scroll of blinking {unknown}
 F - a scroll of torment {unknown}
 H - a scroll of fear {unknown}
Potions
 f - 6 potions of curing {unknown}
 g - 3 potions of heal wounds {unknown}
 j - a potion of resistance {unknown}
 k - a potion of agility {unknown}
 l - 3 potions of might {unknown}
 o - a potion of berserk rage {unknown}
 p - a potion of ambrosia {unknown}
 q - 3 potions of invisibility {unknown}
 z - a potion of poison {unknown}
 D - a potion of brilliance {unknown}
Comestibles
 b - 9 bread rations
 c - 9 slices of pizza
 m - 5 beef jerkies
 G - a royal jelly
 K - 2 chunks of flesh
 L - a meat ration


   Skills:
 - Level 2.4(2.1) Fighting
 + Level 5.8(5.6) Dodging
 - Level 12.0(11.6) Unarmed Combat


You had 8 spell levels left.
You didn't know any spells.

Dungeon Overview and Level Annotations

Branches:
Dungeon (8/15)             Temple (0/1) D:6            Lair (0/8) D:8

Altars:
Elyvilon
Ru
The Shining One

Shops:
D:5 *[   D:6 }(}*[

Annotations:
D:8 urechis's ghost, experienced TeGl


Innate Abilities, Weirdness & Mutations

You are too large for most types of armour.
You have claws for hands.
Your metabolism is lightning-fast.
You like to eat raw meat.
You heal very quickly.
You are covered in fur (AC +1).
You have very tough skin (AC +2).
Potions and wands are less effective at restoring your health.
You cannot be stealthy.
You cannot study or cast Fire magic.
You cannot study or cast Necromancy magic.
You cannot study or cast Summoning magic.


Message History

Urechis's ghost hits you!
* * * LOW HITPOINT WARNING * * *
An orc opens the door.
The orc barely misses you. The orc misses you.
Urechis's ghost is stunned by your will and fails to attack.
The orc hits you with a dagger.
* * * LOW HITPOINT WARNING * * *
You focus your will and illuminate the orc in retribution!
Read which item? (? for menu, Esc to quit)
Okay, then.
Drink which item? (? for menu, Esc to quit)
Okay, then.
Evoke which item? (* to show all) (? for menu, Esc to quit)
Okay, then.
Read which item? (? for menu, Esc to quit)
As you read the scroll labeled YHUIRI OGOD, it crumbles to dust.
You feel blessed for a moment.
It was a scroll of remove curse.
Urechis's ghost hits you!
You die...

......#.....#........
......+.....#.........#......#
......#.....#.........#......#
......#.....#.........#......#
......#.....+.........#......#
.##+####'####.........#......#
.# ..##.....#.........#.##..o#
.+..........###+####'##.##...#
.#..............@oo..oo......#
.#...##..........W...........#
.#### #......................#
.# #......###'###..........#
## #......##...##....###...#
#...........##....###...#
##.....##....#.....#....#
########....#.....'....# ##
#.....'.....#....#


You could see 2 orc wizards, urechis's ghost and 2 orcs.

Vanquished Creatures
  Pikel (D:5)
  A human (D:7)
  A hippogriff (D:7)
  A water moccasin (D:5)
  An ice beast (D:6)
  3 slaves (D:5)
  3 ogres
  2 sky beasts (D:6)
  A centaur (D:6)
  4 giant frogs
  A crocodile (D:8)
  A centaur zombie (D:8)
  3 hounds
  4 crimson imps
  5 giant frog skeletons
  Ijyb (D:4)
  3 orc wizards
  4 worker ants
  3 iguanas
  4 sheep (D:7)
  2 hound zombies
  A hound skeleton (D:5)
  7 gnolls
  13 adders
  2 shadow imps
  An ooze (D:2)
  3 adder zombies
  2 worms
  5 giant geckos
  22 orcs
  4 bats
  12 giant cockroaches
  11 goblins
  5 hobgoblins
  4 jackals (D:5)
  3 ball pythons
  5 giant newts
  6 kobolds
  3 quokkas
  A quokka skeleton (D:7)
  10 rats
169 creatures vanquished.

Vanquished Creatures (others)
  A butterfly (D:6)
1 creature vanquished.

Grand Total: 170 creatures vanquished

Notes
Turn   | Place    | Note
--------------------------------------------------------------
     0 | D:1      | carl the Troll Monk began the quest for the Orb.
     0 | D:1      | Reached XP level 1. HP: 22/22 MP: 0/0
   155 | D:1      | Reached XP level 2. HP: 27/29 MP: 1/1
   933 | D:2      | Reached skill level 5 in Unarmed Combat
   933 | D:2      | Reached XP level 3. HP: 36/36 MP: 2/2
  1481 | D:3      | Reached XP level 4. HP: 39/44 MP: 3/3
  1608 | D:3      | Found a sacrificial altar of Ru.
  1619 | D:3      | Became a worshipper of Ru the Awakened
  1624 | D:3      | Gained mutation: You cannot study or cast Fire magic. [Ru sacrifice]
  1624 | D:3      | Gained mutation: You cannot study or cast Necromancy magic. [Ru sacrifice]
  1624 | D:3      | Gained mutation: You cannot study or cast Summoning magic. [Ru sacrifice]
  1624 | D:3      | Acquired Ru's first power
  1652 | D:3      | Reached skill level 6 in Unarmed Combat
  2299 | D:4      | Noticed Ijyb
  2319 | D:4      | Killed Ijyb
  2319 | D:4      | Reached XP level 5. HP: 42/50 MP: 4/4
  2717 | D:4      | Reached skill level 7 in Unarmed Combat
  3111 | D:5      | Entered Level 5 of the Dungeon
  3126 | D:5      | Noticed a slave
  3127 | D:5      | Noticed a slave
  3150 | D:5      | Killed a slave
  3154 | D:5      | Found Zeugarel's Antique Armour Boutique.
  3157 | D:5      | Bought a glowing cloak for 112 gold pieces
  3239 | D:5      | Noticed a slave
  3241 | D:5      | Noticed a slave
  3249 | D:5      | Killed a slave
  3270 | D:5      | Killed a slave
  3277 | D:5      | Noticed Pikel
  3290 | D:5      | Killed Pikel
  3290 | D:5      | Reached skill level 9 in Unarmed Combat
  3290 | D:5      | Reached XP level 6. HP: 31/59 MP: 5/5
  3290 | D:5      | Reached XP level 7. HP: 34/66 MP: 6/6
  3425 | D:5      | Gained mutation: You cannot be stealthy. [Ru sacrifice]
  3425 | D:5      | Acquired Ru's second power
  3449 | D:5      | Noticed an ogre
  3454 | D:5      | Killed an ogre
  3666 | D:5      | Found Xecun's Serpentskin Sales.
  3666 | D:5      | Noticed a water moccasin
  3672 | D:5      | Killed a water moccasin
  3672 | D:5      | Reached skill level 10 in Unarmed Combat
  3906 | D:5      | Reached XP level 8. HP: 74/74 MP: 7/7
  4359 | D:6      | Found Xioh Qoe's Antique Weapon Shoppe.
  4505 | D:6      | Found a white marble altar of Elyvilon.
  4709 | D:6      | Found Oliggiuf's Gadget Shoppe.
  4720 | D:6      | Reached skill level 11 in Unarmed Combat
  4724 | D:6      | Found Wuofri Ekau's Assorted Antiques.
  4734 | D:6      | Bought a viscous emerald potion for 22 gold pieces
  4734 | D:6      | Bought a scroll labeled QEGEOZ GIBY for 25 gold pieces
  4734 | D:6      | Bought a scroll labeled SEROTA OXTISK for 25 gold pieces
  4734 | D:6      | Bought a scroll labeled SEROTA OXTISK for 25 gold pieces
  4737 | D:6      | Found Buofiss's Antique Armour Boutique.
  4778 | D:6      | Found a staircase to the Ecumenical Temple.
  5117 | D:6      | Found Nagivum's Gadget Shop.
  5577 | D:7      | Reached skill level 12 in Unarmed Combat
  5642 | D:7      | Gained mutation: Potions and wands are less effective at restoring your health. [Ru sacrifice]
  5828 | D:7      | Reached XP level 9. HP: 72/80 MP: 8/8
  5934 | D:7      | Found a glowing golden altar of the Shining One.
  6408 | D:8      | Reached skill level 5 in Dodging
  6521 | D:8      | Found a staircase to the Lair.
  6691 | D:8      | Noticed urechis's ghost (experienced TeGl)
  6728 | D:8      | Mangled by urechis's ghost

Vault maps used:
D:1:      eino_arrival_tree_alley, item_on_display_a
D:3:      old_standard_altar
D:4:      kennysheep_the_goblin_king, first_bread
D:5:      serial_shops, nicolae_shop_stone, guppyfry_shop_venom, uniq_pikel
D:6:      minmay_temple_entry_butterflies, serial_shops, shop_coins,
          nicolae_shop_trees, shop, shop, nicolae_shop_crystal, elyvilon_altar_4
D:7:      nicolae_overflow_hidden_temple, grunt_livestock
D:8:      minitemple, amethyst_overflow_temple_binary, lair_0_dummy,
          kennysheep_flooded_box

Action                   |  1- 3 |  4- 6 |  7- 9 || total
-------------------------+-------+-------+-------++-------
Melee: Unarmed           |   108 |   151 |   268 ||   527
Invok: Sacrifice Arcana  |       |     1 |       ||     1
       Sacrifice Stealth |       |       |     1 ||     1
       Sacrifice Purity  |       |       |     1 ||     1
  Use: Scroll            |       |       |     1 ||     1
 Stab: Sleeping          |     2 |     2 |       ||     4
       Invisible         |       |       |     1 ||     1
  Eat: Chunk             |    16 |    13 |    35 ||    64
       Pizza             |     1 |       |       ||     1
